 Dungeon Crawl Stone Soup version 0.32-a0-630-g46d191b0ed (webtiles) character file.

Game seed: 2919739423374873320

65 Esekla the Sneak (level 4, -1/31 HPs)
             Began as an Octopode Delver on Mar 6, 2024.
             Incinerated by a bombardier beetle (4 damage)
             ... with a burning spray
             ... on level 5 of the Dungeon.
             The game lasted 00:02:43 (238 turns).

Esekla the Sneak (Octopode Delver)                   Turns: 238, Time: 00:02:43

Health: -1/31      AC:  1    Str: 11    XL:     4   Next: 13%
Magic:  5/5        EV: 13    Int: 14    God:
Gold:   81         SH:  0    Dex: 13    Spells: 5/5 levels left

rFire   . . .        a - +0 falchion
rCold   . . .        (no shield)
rNeg    . . .        (helmet restricted)
rPois   .            (no amulet)
rElec   .            (no ring)
rCorr   .            (no ring)
SInv    .            (no ring)
Will    .....        (no ring)
Stlth   ++           (no ring)
HPRegen 0.25/turn    (no ring)
MPRegen 0.09/turn    (no ring)
                     (no ring)

%: no passive effects
@: on fire, glowing
A: almost no armour, amphibious, 8 rings, camouflage 1, gelatinous body 1,
(nimble swimmer 1), tentacles
a: no special abilities


You were on level 5 of the Dungeon.
You visited 1 branch of the dungeon, and saw 1 of its levels.

You collected 81 gold pieces.

Inventory:

Hand Weapons
 a - a +0 falchion (weapon)
Wands
 e - a wand of flame (17)
 f - a wand of digging (3)
Scrolls
 b - a scroll of fog
 d - a scroll of fear
Potions
 c - 2 potions of ambrosia {unknown}
 g - a potion of lignification {unknown}


   Skills:
 * Level 3.4 Fighting
 + Level 2.1 Long Blades
 * Level 2.4 Dodging
 + Level 7.5 Stealth
 * Level 1.0 Spellcasting


You had 5 spell levels left.
You didn't know any spells.
Your spell library was empty.

Dungeon Overview and Level Annotations

Branches:
Dungeon (5/15)
 Temple: D:4-7

Altars:
Ashenzari
Cheibriados
Vehumet


Innate Abilities, Weirdness & Mutations

You cannot wear most types of armour.
You are amphibious.
You can wear up to eight rings at the same time.
Your skin changes colour to match your surroundings (Stealth+).
Your rubbery body absorbs attacks. (AC +1, EV +1)
((You are camouflaged when in or above water. (Stealth+)))
You have tentacles for arms and can constrict up to eight enemies at once.


Message History

You now have 81 gold pieces (gained 9).
There is a stone staircase leading down here.
An iguana comes into view.
You see here a +0 shortbow.
You barely miss the bombardier beetle. You grab the bombardier beetle.
You squeeze the bombardier beetle.
The bombardier beetle is moderately wounded.
You constrict the bombardier beetle.
You hit the bombardier beetle but do no damage.
You squeeze the bombardier beetle, but do no damage.
The bombardier beetle is heavily wounded.
You constrict the bombardier beetle.
The bombardier beetle sprays incendiary fluid at you.
The burning spray hits you.
You are covered in liquid fire!
You hit the bombardier beetle but do no damage.
You squeeze the bombardier beetle, but do no damage.
The bombardier beetle is heavily wounded.
The liquid fire burns you!
You constrict the bombardier beetle.
The bombardier beetle sprays incendiary fluid at you.
The burning spray hits you.
You are even more covered in liquid fire!
The iguana hisses angrily.
You hit the bombardier beetle.
The bombardier beetle is severely wounded.
The liquid fire burns you!
You constrict the bombardier beetle. The bombardier beetle bites you.
You hit the bombardier beetle.
You kill the bombardier beetle!
The liquid fire burns you!
* * * LOW HITPOINT WARNING * * *
Your Spellcasting skill increases to level 1!
You have reached level 4!
You shake off some of the fire as you move.
The liquid fire burns you!
* * * LOW HITPOINT WARNING * * *
You shake off some of the fire as you move.
The liquid fire burns you!
You die...

#..* ###.............### #..*
#...........##..###
#..*****#.####...#####..## ###
.l.,,,,s...#*#...# #..# #..
.#.*,*###.,.,#...# #..# #####.#
.#.,,***#.*#.###.# #..# #☼..†.#
,**,<*,,..*#.###.#####..###.☼.○.#
,,,,,*,*####...).........##§._☼§#
**,*,*,* #.[...@#####>..#.°.....
**,*,*B####..†#### #...#......#
,,,*,,........# #...#o#.....
******#......l#### #...#.####.#
,,,*,,,..........#####...#.####.#
**,*,*,####.....................#
*,*,#.####................###...
*,,,#........##.######..####....
****#.#####..##.# #..#.).....


There were no monsters in sight!

Vanquished Creatures
  A black bear (D:5)
  A bombardier beetle (D:5)
  An adder (D:5)
  4 orcs (D:5)
7 creatures vanquished.

Notes
Turn   | Place    | Note
-------+----------+-------------------------------------------
     0 | D:5      | Esekla the Octopode Delver began the quest for the Orb.
     0 | D:5      | Reached XP level 1. HP: 16/16 MP: 1/1
     0 | D:5      | Noticed a water moccasin
    13 | D:5      | Found a snail-covered altar of Cheibriados.
    15 | D:5      | Found a broken altar of Ashenzari.
    24 | D:5      | Noticed a howler monkey
    24 | D:5      | Noticed an iguana
    32 | D:5      | Reached XP level 2. HP: 9/21 MP: 2/2
    50 | D:5      | Reached skill level 7 in Stealth
    55 | D:5      | Noticed a black bear
    57 | D:5      | Found a radiant altar of Vehumet.
    59 | D:5      | Killed a black bear
    60 | D:5      | Reached XP level 3. HP: 8/26 MP: 2/4
   124 | D:5      | Noticed a two-headed ogre
   162 | D:5      | Noticed a scorpion
   237 | D:5      | Reached skill level 1 in Spellcasting
   237 | D:5      | Reached XP level 4. HP: 8/31 MP: 5/5
   238 | D:5      | Incinerated by a bombardier beetle

Illustrated notes

Levels and vault maps discovered:
D:5:      layout_loops_ring, mainiacjoe_overflow_alcove_1, fiery_altar_vehumet,
          jmf_multi_god_temple, gammafunk_ghost_hive, uniq_sigmund

Skill      XL: |  1  2  3 |
---------------+----------+-----
Stealth        | 7 |  7.5
Spellcasting   | 1 |  1.0
Fighting       | |  3.4
Long Blades    | |  2.1
Dodging        | |  2.4

Action                     |  1- 3 |  4- 6 || total
---------------------------+-------+-------++-------
  Melee: Falchion          |    13 |       ||    13
         Constrict         |     5 |       ||     5
         Tentacles         |     5 |       ||     5
    Use: Scroll            |     2 |       ||     2
         Potion            |     1 |       ||     1
 Armour: Skin              |     7 |       ||     7
  Dodge: Dodged            |     9 |       ||     9

Table legend: (Time is in decaauts)
 A = Elapsed time spent in this place.
 B = Non-inter-level travel time spent in this place.
 C = Inter-level travel time spent in this place.
 D = Time resting spent in this place.
 E = Time spent auto-exploring this place.
 F = Levels seen in this place.
 G = Mean time per level.
                   A        B        C        D        E       F      G
               +--------+--------+--------+--------+--------+-----+--------+
         Total |    221 |    221 |      0 |      0 |      0 |   1 |  221.0 |
       Dungeon |    221 |    221 |      0 |      0 |      0 |   1 |  221.0 |
               +--------+--------+--------+--------+--------+-----+--------+

Top non-repeatable levels by time:
     D:5: 221 daAuts
